 Dungeon Crawl Stone Soup version 0.30-a0-571-gdf30a72648 (webtiles) character file.

Game seed: 3096535788660507508

84633 Jase the Executioner (level 15, -5/126 HPs)
             Began as a Hill Orc Monk on Dec 29, 2022.
             Was the Champion of Beogh.
             Shot with an arrow by a naga sharpshooter (9 damage)
             ... led by Vashnia
             ... on level 3 of the Snake Pit.
             The game lasted 02:00:22 (25591 turns).

Jase the Executioner (Hill Orc Monk)               Turns: 25591, Time: 02:00:23

Health: -5/126     AC: 24    Str: 27    XL:     15   Next: 81%
Magic:  16/29      EV: 15    Int: 10    God:    Beogh [******]
Gold:   2857       SH:  0    Dex: 19    Spells: 14/14 levels left

rFire   . . .      SeeInvis +    a - +4 executioner's axe (elec)
rCold   . . .      Faith    +    (shield currently unavailable)
rNeg    . . .      Spirit   .    B - +7 chain mail of Conscience {Contam Str+7 Dex+4}
rPois   .          Reflect  .    U - +2 hat {SInv}
rElec   .          Harm     .    (no cloak)
rCorr   .          Rampage  .    F - +0 pair of gloves
Will    +....                    z - +1 pair of boots Stlth
                                 M - amulet of faith
HPRegen 0.41/turn                j - +4 ring of slaying
MPRegen 0.21/turn                p - +5 ring of evasion

@: lethally poisoned (-5 -> -6)
A: walk on water
a: Renounce Religion, Smiting, Recall Orcish Followers, Give Item to Named
Follower, Resurrection


You were on level 3 of the Snake Pit.
You worshipped Beogh.
Beogh was exalted by your worship.
You visited 5 branches of the dungeon, and saw 25 of its levels.

You collected 3092 gold pieces.
You spent 235 gold pieces at shops.

Inventory:

Hand Weapons
 a - a +4 executioner's axe of electrocution (weapon)
 b - a +4 dire flail
Missiles
 e - 25 boomerangs (quivered)
 m - a throwing net
 s - 5 javelins
 u - 7 curare-tipped darts
 C - 64 poisoned darts
Armour
 z - a +1 pair of boots (worn)
 B - the +7 chain mail of Conscience (worn) {Contam Str+7 Dex+4}
   (You found it on level 10 of the Dungeon)

   Str:       It affects your strength (+7).
   Dex:       It affects your dexterity (+4).
   Contam:    It causes magical contamination when unequipped.
 F - a +0 pair of gloves (worn)
 U - a +2 hat of see invisible (worn)
Jewellery
 j - a +4 ring of slaying (left hand)
 p - a +5 ring of evasion (right hand)
 y - a ring of magical power
 E - the ring of Zouc {Str+6 Stlth+}
   (You found it on level 3 of the Dungeon)

   [ring of strength]

   Str:       It affects your strength (+6).
   Stlth:     It makes you more stealthy.
 M - an amulet of faith (around neck)
Wands
 v - a wand of light (8)
 H - a wand of flame (23)
 L - a wand of iceblast (23)
 N - a wand of digging (10)
 Q - a wand of charming (15)
Scrolls
 f - 9 scrolls of teleportation
 t - 2 scrolls of brand weapon
 x - 4 scrolls of immolation
 A - a scroll of blinking
 D - 4 scrolls of enchant armour
 I - 6 scrolls of fog
 J - 3 scrolls of fear
 O - a scroll of magic mapping
 P - a scroll of poison
 R - 2 scrolls of silence
Potions
 c - 2 potions of ambrosia
 d - 15 potions of curing
 g - 3 potions of resistance
 h - 4 potions of might
 i - 4 potions of lignification
 l - 3 potions of magic
 n - 2 potions of invisibility
 o - 4 potions of haste
 q - 7 potions of mutation
 r - a potion of flight
 w - 8 potions of heal wounds
 G - 2 potions of berserk rage
 K - a potion of brilliance
 T - 4 potions of attraction
Miscellaneous
 k - a box of beasts
 S - a phial of floods


   Skills:
 + Level 9.9 Fighting
 + Level 23.0 Axes
 - Level 3.0 Throwing
 - Level 10.0 Armour
 - Level 2.4 Dodging
 - Level 1.5 Stealth
 + Level 21.5 Invocations


You had 14 spell levels left.
You didn't know any spells.
Your spell library contained the following spells:

 Spells                   Type           Power      Damage    Failure   Level
 Shock                    Conj/Air       0%         1d3       86%         1
 Slow                     Hex            0%         N/A       86%         1
 Cigotuvi's Dreadful Rot  Necr/Pois/Air  0%         N/A       95%         2
 Poisonous Vapours        Pois/Air       0%         N/A       95%         2
 Scorch                   Fire           0%         2d5       95%         2
 Sublimation of Blood     Necr           0%         N/A       95%         2
 Confusing Touch          Hex            0%         N/A       99%         3
 Inner Flame              Hex/Fire       0%         N/A       99%         3
 Lesser Beckoning         Tloc           0%         N/A       99%         3
 Mephitic Cloud           Conj/Pois/Air  0%         N/A       99%         3
 Swiftness                Air            0%         N/A       99%         3
 Vampiric Draining        Necr           0%         2d6       99%         3
 Airstrike                Air            0%         2d(0-16)  100%        4
 Flame Wave               Conj/Fire      0%         2d4       100%        4
 Iskenderun's Mystic Bla  Conj/Tloc      0%         2d3       100%        4
 Olgreb's Toxic Radiance  Pois           0%         N/A       100%        4
 Petrify                  Tmut/Erth      0%         N/A       100%        4
 Sticky Flame             Conj/Fire      0%         2d3       100%        4
 Irradiate                Conj/Tmut      0%         3d11      100%        5
 Yara's Violent Unravell  Hex/Tmut       0%         3d3       100%        5
 Summon Cactus Giant      Summ           0%         N/A       100%        6
 Enfeeble                 Hex            0%         N/A       100%        7


Dungeon Overview and Level Annotations

Branches:
Dungeon (14/15)            Temple (1/1) D:4            Lair (5/5) D:10
 Shoals (0/4) Lair:2        Snake (3/4) Lair:3        Slime (0/5) Lair:4
    Orc (2/2) D:12            Elf (0/3) Orc:2        Vaults (0/5) D:13

Altars:
Ashenzari
Cheibriados
Dithmenos
Elyvilon
Fedhas
Gozag
Hepliaklqana
Kikubaaqudgha
Makhleb
Nemelex Xobeh
Okawaru
Qazlal
Ru
Sif Muna
Trog
Uskayaw
Vehumet
Wu Jian
Xom
Yredelemnul
Zin
The Shining One
Beogh

Shops:
Orc:2 =[[*   Snake:1 ?[

Annotations:
Snake:3 Vashnia


Message History

You feel aware of your surroundings.
You feel sick. The mana viper closely misses you.
As you read the scroll of teleportation, it crumbles to dust.
You feel strangely unstable.
You feel sick.
The mana viper bites you but does no damage.
The naga mage casts a spell at the naga sharpshooter.
The naga sharpshooter seems to grow toxic.
You closely miss the mana viper.
You feel sick.
The mana viper bites you but does no damage.
Vashnia unwields a +4 long sword of protection.
Vashnia wields a +0 longbow.
Vashnia casts a spell.
Vashnia magically shoots an arrow.
The arrow hits you!!
The naga mage mumbles some strange words.
The naga mage seems to speed up.
The mana viper barely misses you.
You slice the mana viper!!
The mana viper is heavily wounded.
You feel sick.
The naga sharpshooter mumbles some strange words.
The naga sharpshooter magically shoots an arrow.
The arrow hits you! The mana viper bites you!
You feel your power leaking away.
You feel sick.
Vashnia shoots an arrow.
The arrow hits you!!
* * * LOW HITPOINT WARNING * * *
The naga mage points at Vashnia and mumbles some strange words.
Vashnia seems to grow toxic.
The mana viper attacks as you move away!
The mana viper bites you but does no damage.
Your surroundings suddenly seem different.
A naga comes into view. It is wielding a +0 mace.
Found a stone staircase leading down and a stone staircase leading up.
You feel sick.
Vashnia shoots an arrow.
The arrow barely misses you.
The naga sharpshooter casts a spell.
The naga sharpshooter magically shoots an arrow.
The arrow hits you!!
* * * LOW HITPOINT WARNING * * *
You feel sick.
The naga sharpshooter shoots an arrow.
The arrow hits you!
* * * LOW HITPOINT WARNING * * *
The naga sharpshooter shoots an arrow.
The arrow hits you!
You die...

********* ********
**,,,*,,,** ##......##
**,,,,,,,,,**##........#*
*,,,,,,,,,,>*#..........*
*,,,,,,,,,,,*#..........*
*,,,,,,,,,,,*#..........*
**,,,,,,,,,**#....<.....*
**,,,,^,,,** #.......N..*
,,,*,,,,######..@......#*
,***,***...............#*
****,,,,...###.....>....*
***,,,***,,* #..........*
,,,,*****,,* #..........*
,**,**,,,,,* #..........*
,,,,**,***,**#..........*
***,,,,,.....NN.N......#*
,,***,,,*...≈≈≈≈.≈≈≈≈.#*


You could see Vashnia (curare), 2 naga sharpshooters and a naga.

Vanquished Creatures
  A nagaraja (Snake:2)
  A fire dragon (D:13)
  A rakshasa (D:13)
  2 anacondas (Snake:1)
  A centaur warrior (D:14)
  A boulder beetle (D:12)
  3 hydras
  5 two-headed ogres
  3 naga warriors
  An orc high priest (Orc:2)
  5 naga sharpshooters
  A death yak (Lair:5)
  A shock serpent (Snake:1)
  Sonja (D:10)
  3 skeletal warriors (D:12)
  2 naga ritualists
  3 orc knights
  3 mana vipers
  A deep elf pyromancer (D:14)
  An ugly thing (D:12)
  10 slime creatures
  A cyclops (D:14)
  2 manticores
  A salamander (Snake:2)
  A guardian serpent (Snake:2)
  A naga mage (Snake:2)
  Maurice (D:9)
  7 elephants
  13 black mambas
  A molten gargoyle (Lair:5)
  8 cane toads
  3 gargoyles
  3 rime drakes
  4 kobold demonologists
  10 komodo dragons
  A freezing wraith (D:13)
  3 trolls
  8 hornets
  11 blink frogs
  Prince Ribbit (D:5)
  3 dream sheep (Lair:3)
  A wraith (D:9)
  6 wyverns
  4 fire bats (D:10)
  33 yaks
  4 vampire mosquitoes (D:13)
  3 steam dragons
  7 wargs
  Menkaure (D:6)
  6 nagas
  An acid dragon (D:9)
  10 water moccasins
  Duvessa (D:5)
  2 hell hounds (Lair:5)
  8 orc warriors
  2 ice beasts
  A black bear (D:7)
  2 ogres
  2 sky beasts
  2 boggarts (D:14)
  7 wolves
  A centaur (D:7)
  3 kobold brigands
  8 bullfrogs
  3 gnoll sergeants
  A necrophage (D:4)
  2 scorpions
  15 wights
  Dowan (D:5)
  3 howler monkeys
  3 lava snakes (Lair:5)
  4 jellies
  A gnoll bouda (Orc:1)
  6 orc priests
  A hound (D:4)
  Jessica (D:3)
  Ijyb (D:5)
  3 iguanas
  10 orc wizards
  Terence (D:3)
  A mummy (D:6)
  12 gnolls
  8 adders
  A white imp (D:7)
  6 dart slugs
  17 orcs
  8 endoplasms
  8 giant cockroaches
  6 goblins
  8 hobgoblins
  5 jackals
  4 quokkas
  6 ball pythons
  3 bats (D:1)
  3 frilled lizards
  8 kobolds
  4 orc zombies (D:6)
  4 rats
  A fire vortex (D:10)
417 creatures vanquished.

Vanquished Creatures (collateral kills)
  Aizul (Snake:2)
  A fire dragon (Lair:5)
  A vault guard (D:13)
  4 hydras
  2 anacondas (Snake:1)
  2 two-headed ogres
  A naga warrior (Snake:2)
  A boulder beetle (D:14)
  An orc high priest (Orc:2)
  A deep troll (D:13)
  3 orc knights (Orc:2)
  A lindwurm (Lair:5)
  5 orc sorcerers (Orc:2)
  2 cyclopes
  A manticore (D:11)
  3 salamanders
  An ugly thing (D:13)
  5 elephants
  A naga mage (Snake:2)
  Joseph (D:10)
  6 black mambas
  2 molten gargoyles (Lair:5)
  A gargoyle (D:13)
  2 kobold demonologists
  3 cane toads
  A rime drake (Lair:3)
  7 komodo dragons
  2 trolls
  2 hornets (Lair:3)
  9 dream sheep
  4 slime creatures (D:14)
  16 blink frogs
  A wraith (D:11)
  A wyvern (Lair:5)
  15 yaks
  3 basilisks
  A warg (Orc:1)
  4 nagas
  3 hell hounds
  2 water moccasins
  5 orc warriors
  2 ogres (Orc:2)
  7 wolves
  A boggart (D:14)
  4 kobold brigands
  A bullfrog (Lair:4)
  A scorpion (D:10)
  2 electric eels
  3 lava snakes
  2 orc priests (Orc:2)
  An orc wizard (Orc:1)
  A gnoll (Orc:1)
  6 orcs
  2 kobolds (D:10)
161 creatures vanquished.

Vanquished Creatures (others)
  2 orc knights
  Psyche (D:12)
  4 orc warriors
  A lava snake (Lair:5)
  4 orc priests
  4 orc wizards
  24 orcs
  2 fire vortices (D:10)
  34 fungi
  66 plants
142 creatures vanquished.

Grand Total: 720 creatures vanquished

Notes
Turn   | Place    | Note
-------+----------+-------------------------------------------
     0 | D:1      | Jase the Hill Orc Monk began the quest for the Orb.
     0 | D:1      | Reached XP level 1. HP: 19/19 MP: 1/1
   136 | D:1      | Reached XP level 2. HP: 26/26 MP: 2/2
   258 | D:1      | Reached skill level 5 in Axes
   324 | D:1      | Reached skill level 1 in Armour
   371 | D:1      | Reached XP level 3. HP: 31/31 MP: 3/3
  1001 | D:2      | You fall into a shaft and drop 2 floors!
  1001 | D:4      | Found an opulent altar of Gozag.
  1058 | D:4      | Identified the +5 ring mail of Loss {rPois rN+ Int-4 Dex+8}
  1127 | D:4      | Reached XP level 4. HP: 39/39 MP: 4/4
  1141 | D:4      | Found a burning altar of Makhleb.
  1143 | D:4      | Noticed a necrophage
  1536 | D:2      | Found an opulent altar of Gozag.
  1992 | D:3      | Reached skill level 6 in Axes
  2197 | D:3      | Found a basalt altar of Yredelemnul.
  2197 | D:3      | Found a faded altar of an unknown god.
  2199 | D:3      | Reached XP level 5. HP: 45/45 MP: 5/5
  2205 | D:3      | Found a faded altar of an unknown god.
  2207 | D:3      | Found a broken altar of Ashenzari.
  2209 | D:3      | Found a blossoming altar of Fedhas.
  2256 | D:3      | Identified the ring of Zouc {Str+6 Stlth+}
  2312 | D:3      | Noticed Jessica
  2327 | D:3      | Killed Jessica
  2451 | D:3      | Noticed Terence
  2462 | D:3      | Killed Terence
  2463 | D:3      | Reached skill level 1 in Throwing
  2538 | D:4      | Reached XP level 6. HP: 51/51 MP: 6/6
  2844 | D:4      | Reached skill level 7 in Axes
  2918 | D:4      | Found a staircase to the Ecumenical Temple.
  2960 | Temple   | Entered the Ecumenical Temple
  3350 | D:5      | Entered Level 5 of the Dungeon
  3366 | D:5      | Noticed Ijyb
  3373 | D:5      | Killed Ijyb
  3534 | D:5      | Noticed an ice beast
  3547 | D:5      | Killed an ice beast
  3548 | D:5      | Reached XP level 7. HP: 57/57 MP: 7/7
  3600 | D:5      | Noticed Dowan
  3604 | D:5      | Noticed Duvessa
  3615 | D:5      | Killed Duvessa
  3616 | D:5      | Reached skill level 8 in Axes
  3616 | D:5      | Killed Dowan
  3617 | D:5      | Reached skill level 5 in Armour
  3782 | D:5      | Reached skill level 9 in Axes
  3891 | D:5      | Noticed Prince Ribbit
  3900 | D:5      | Killed Prince Ribbit
  3901 | D:5      | Reached skill level 10 in Axes
  3901 | D:5      | Reached XP level 8. HP: 52/64 MP: 8/8
  4017 | D:6      | Noticed Menkaure
  4035 | D:6      | Killed Menkaure
  4161 | D:6      | Reached skill level 11 in Axes
  4467 | D:6      | Became a worshipper of Beogh the Brigand
  4467 | D:6      | Reached * piety under Beogh
  4467 | D:6      | Reached ** piety under Beogh
  4525 | D:6      | Reached skill level 12 in Axes
  4615 | D:6      | Got the Quarto of the Putrid Jaunt
  4743 | D:6      | Reached skill level 1 in Invocations
  5017 | D:7      | Noticed a wyvern
  5117 | D:7      | Reached XP level 9. HP: 61/70 MP: 9/11
  5635 | D:8      | Reached skill level 5 in Invocations
  5636 | D:8      | Reached skill level 13 in Axes
  5797 | D:8      | Found a sacrificial altar of Ru.
  5867 | D:8      | Noticed a hornet
  5882 | D:8      | Killed a hornet
  6078 | D:8      | Reached *** piety under Beogh
  6123 | D:8      | Reached skill level 14 in Axes
  6278 | D:8      | Reached XP level 10. HP: 77/77 MP: 14/16
  6647 | D:9      | Noticed a two-headed ogre
  6651 | D:9      | Killed a two-headed ogre
  6729 | D:9      | Reached skill level 15 in Axes
  6858 | D:9      | Reached skill level 10 in Invocations
  7310 | D:9      | Found a sparkling altar of Nemelex Xobeh.
  7325 | D:9      | Found an ancient bone altar of Kikubaaqudgha.
  7327 | D:9      | Found a white marble altar of Elyvilon.
  7328 | D:9      | Found a glowing silver altar of Zin.
  7372 | D:9      | Found a hide-covered altar of Uskayaw.
  7431 | D:9      | Noticed Maurice
  7446 | D:9      | Killed Maurice
  7447 | D:9      | Reached skill level 16 in Axes
  7571 | D:9      | Reached XP level 11. HP: 84/84 MP: 19/19
  7808 | D:10     | Entered Level 10 of the Dungeon
  7869 | D:10     | Noticed Nergalle
  7916 | D:10     | Reached skill level 5 in Fighting
  7925 | D:10     | Found a shimmering blue altar of Sif Muna.
  7983 | D:10     | Reached **** piety under Beogh
  8169 | D:10     | Noticed Joseph
  8176 | D:10     | Killed Joseph
  8275 | D:10     | Identified the +7 chain mail of Conscience {Contam Str+7
                  | Dex+4}
  8355 | D:10     | Found a snail-covered altar of Cheibriados.
  8604 | D:10     | Gained Korbok as an ally
  8779 | D:10     | Noticed Sonja
  8782 | D:10     | Killed Sonja
  8905 | D:10     | Found a staircase to the Lair.
  9061 | Lair:1   | Entered Level 1 of the Lair of Beasts
  9495 | Lair:1   | Identified 3 scrolls of acquirement
  9495 | Lair:1   | Acquired a +0 executioner's axe of electrocution
  9540 | Lair:1   | Reached XP level 12. HP: 101/101 MP: 20/22
  9544 | Lair:1   | Reached ***** piety under Beogh
 10209 | Lair:2   | Noticed a four-headed hydra
 10214 | Lair:2   | Killed a five-headed hydra
 10823 | Lair:2   | Found a staircase to the Shoals.
 11140 | Lair:3   | Found a staircase to the Snake Pit.
 11415 | Lair:3   | Reached skill level 17 in Axes
 11630 | Lair:3   | Noticed an eight-headed hydra
 11634 | Lair:3   | Killed a 12-headed hydra
 11640 | Lair:3   | Reached skill level 10 in Armour
 11677 | Lair:3   | Reached skill level 15 in Invocations
 11750 | Lair:3   | Noticed a five-headed hydra
 11763 | Lair:3   | Killed an 11-headed hydra
 12039 | Lair:3   | Reached XP level 13. HP: 106/107 MP: 24/24
 12072 | Lair:3   | Reached skill level 18 in Axes
 12418 | Lair:3   | You fall into a shaft and drop 2 floors!
 12418 | Lair:5   | Entered Level 5 of the Lair of Beasts
 12453 | Lair:5   | Acquired a +1 hat of see invisible
 12466 | Lair:5   | Acquired 785 gold pieces
 12510 | Lair:4   | Found a staircase to the Slime Pits.
 13012 | Lair:4   | Reached ****** piety under Beogh
 13015 | Lair:4   | Reached skill level 19 in Axes
 14360 | Lair:5   | Reached XP level 14. HP: 105/115 MP: 26/26
 14380 | Lair:5   | Found a large runed translucent door.
 14381 | Lair:5   | Found a large runed translucent door.
 14383 | Lair:5   | Reached skill level 20 in Axes
 15490 | D:11     | Found a stormy altar of Qazlal.
 15703 | D:11     | Identified the +0 leather armour of Hangman {rCorr Stlth+}
 16146 | D:12     | Noticed Psyche
 16157 | D:12     | Killed Psyche
 16302 | D:12     | Found a staircase to the Orcish Mines.
 16697 | Orc:1    | Entered Level 1 of the Orcish Mines
 16744 | D:13     | Reached skill level 21 in Axes
 17407 | D:13     | Found a gate to the Vaults.
 17904 | D:14     | Found a glowing golden altar of the Shining One.
 18481 | D:14     | Reached XP level 15. HP: 94/121 MP: 29/29
 19778 | Orc:2    | Entered Level 2 of the Orcish Mines
 19785 | Orc:2    | Reached skill level 22 in Axes
 20387 | Orc:2    | Gained Rocco as an ally
 20674 | Orc:2    | Found a staircase to the Elven Halls.
 20801 | Orc:2    | Found a roughly hewn altar of Beogh.
 20931 | Orc:2    | Found Avodwita's Assorted Antiques.
 20945 | Orc:2    | Found Deompip's Antique Armour Emporium.
 20958 | Orc:2    | Found Tecuo's Armour Emporium.
 20975 | Orc:2    | Found Opuocit's Jewellery Boutique.
 21193 | Orc:2    | Bought a heavily runed glass ring for 205 gold pieces
 21193 | Orc:2    | Identified the ring of Voretot {rC+ Will- Int+8 SInv} (You
                  | bought it in a shop on level 2 of the Orcish Mines)
 21602 | Snake:1  | Entered Level 1 of the Snake Pit
 22433 | Snake:1  | Gained Ognian as an ally
 22757 | Snake:1  | Found Uguud's Magic Scroll Boutique.
 22767 | Snake:1  | Bought a scroll of identify for 30 gold pieces
 22768 | Snake:1  | Found Sesaecof's Armour Boutique.
 23708 | Snake:2  | Noticed a nagaraja
 23712 | Snake:2  | Killed a nagaraja
 24306 | Snake:2  | Noticed Aizul
 24318 | Snake:2  | Killed Aizul
 25081 | Snake:2  | Reached skill level 23 in Axes
 25572 | Snake:2  | You fall into a shaft and drop 1 floor!
 25584 | Snake:3  | Noticed Vashnia
 25591 | Snake:3  | HP: 4/126 [naga sharpshooter/arrow[Vashnia] (12)]
 25591 | Snake:3  | Shot with an arrow by a naga sharpshooter

Illustrated notes

Levels and vault maps discovered:
D:1:      roderic_crop_circles_arrival_small, layout_loops_ring,
          minmay_misc_feat_columns
D:2:      minmay_spotlight, layout_basic, basic_altar
D:3:      layout_loops_cross, chequers_temple_overflow_minitemple, uniq_jessica,
          uniq_terence
D:4:      layout_basic, kennysheep_mini, amcnicky_altar_gilded,
          minmay_temple_entry_sparse_star, abandoned_shop
D:5:      layout_loops_ring, uniq_ijyb, uniq_prince_ribbit1, uniq_duvessa
D:6:      layout_gridville, st_stairs_4, minmay_mini_ossuary, uniq_menkaure
D:7:      layout_cave_pools
D:8:      layout_loops_ring, mainiacjoe_overflow_catwalk
D:9:      layout_roguey, marbit_many_paths, mainiacjoe_overflow_alcove_3,
          corexii_hall_statues_t, uniq_maurice
D:10:     layout_roguey, kennysheep_slug_shrine, mainiacjoe_overflow_boulevard,
          grunt_lair_entry_orc_guard_hut, hangedman_incinerator, uniq_nergalle,
          uniq_sonja, uniq_joseph
D:11:     layout_irregular_city, grunt_qazlal_sundering
D:12:     layout_small_grid, orc_0_dummy, uniq_psyche
D:13:     layout_cave_pools, david_vaults_4
D:14:     layout_long_grid, minmay_misc_feat_more_columns, tso_oasis_becter
Temple:   hellmonk_temple_forest_ring
Lair:1:   layout_layer_cave, serial_bayou_crossing, lemuel_fruit_tree,
          infiniplex_staircase_pool_2
Lair:2:   layout_long_grid, elwin_shoals_entry_rocks, serial_bayou_shore_a
Lair:3:   layout_regular_city, guppyfry_snake_entry_island, dreamdust_wasp_nest
Lair:4:   layout_small_grid, nicolae_slime_entry_slimehenge
Lair:5:   cheibrodos_lair_end_hotspot, layout_gridlike, st_stairs_12,
          minivault_11, ldierk_geyser, columned_hall_lemuel,
          infiniplex_staircase_pool
Snake:1:  layout_onion_interference, minmay_shop_star
Snake:2:  layout_grid_maze, uniq_aizul
Snake:3:  cheibrodos_snake_ritualist_ritual, layout_rooms, drop_trap,
          grunt_megastairs_2, uniq_vashnia, uniq_kirke, uniq_nikola, uniq_azrael
Orc:1:    layout_diamond_mine, nooodl_orcs_dogs
Orc:2:    st_orc_elflike, layout_diamond_mine, mines1_david

Skill      XL: |  1  2  3  4  5  6  7  8  9 10 11 12 13 14 15 |
---------------+----------------------------------------------+-----
Axes           | 5 6 7 10 12 14 16 17 19 21 23 | 23.0
Armour         | 1 2 3 4 5 8 10 | 10.0
Throwing       | 1 2 3 |  3.0
Invocations    | 2 8 11 13 15 17 20 21 | 21.5
Fighting       | 4 7 8 9 |  9.9
Dodging        | |  2.4
Stealth        | |  1.5

Action                   |  1- 3 |  4- 6 |  7- 9 | 10-12 | 13-15 || total
-------------------------+-------+-------+-------+-------+-------++-------
Melee: Hand axe          |   112 |    23 |       |       |       ||   135
       Punch             |     1 |       |     2 |     3 |       ||     6
       War axe           |       |    97 |   210 |   326 |       ||   633
       Executioner's axe |       |       |       |   127 |   505 ||   632
       Unarmed           |       |       |       |       |     7 ||     7
Throw: Boomerang         |       |       |     4 |       |       ||     4
Invok: Convert to Beogh  |       |       |     1 |       |       ||     1
       Smiting           |       |       |     2 |     6 |    10 ||    18
       Recall Orcish Fol |       |       |       |     6 |    15 ||    21
       Give Item to Name |       |       |       |     1 |     3 ||     4
       Stop Recall       |       |       |       |       |     2 ||     2
  Use: Scroll            |       |       |       |    16 |    25 ||    41
       Potion            |       |       |       |       |     3 ||     3
 Stab: Sleeping          |     1 |     7 |     1 |     2 |       ||    11
       Distracted        |       |       |       |     4 |     9 ||    13
       Paralysed         |       |       |       |       |     2 ||     2
Armor: Robe              |     5 |       |       |       |       ||     5
       Chain mail        |    29 |       |       |   147 |   200 ||   376
       Ring mail         |     1 |    36 |    61 |    49 |       ||   147
Dodge: Dodged            |    49 |    75 |   117 |   304 |   316 ||   861

Table legend: (Time is in decaauts)
 A = Elapsed time spent in this place.
 B = Non-inter-level travel time spent in this place.
 C = Inter-level travel time spent in this place.
 D = Time resting spent in this place.
 E = Time spent auto-exploring this place.
 F = Levels seen in this place.
 G = Mean time per level.
                   A        B        C        D        E       F      G
               +--------+--------+--------+--------+--------+-----+--------+
         Total |  25501 |  23450 |   2051 |   6409 |   8375 |  25 | 1020.0 |
       Dungeon |  12778 |  11676 |   1102 |   2343 |   6181 |  14 |  912.7 |
        Temple |    184 |    171 |     13 |      0 |    162 |   1 |  184.0 |
          Lair |   6142 |   5641 |    501 |   1597 |   1471 |   5 | 1228.4 |
     Snake Pit |   3499 |   3313 |    186 |   1449 |    561 |   3 | 1166.3 |
  Orcish Mines |   2895 |   2647 |    248 |   1020 |      0 |   2 | 1447.5 |
               +--------+--------+--------+--------+--------+-----+--------+

Top non-repeatable levels by time:
 Snake:2: 1785 daAuts
 Snake:1: 1698 daAuts
  Lair:3: 1558 daAuts
  Lair:5: 1538 daAuts
   Orc:2: 1530 daAuts
    D:10: 1411 daAuts
   Orc:1: 1365 daAuts
  Lair:1: 1257 daAuts
     D:9: 1221 daAuts
    D:14: 998 daAuts
     D:6: 998 daAuts
     D:4: 993 daAuts
    D:13: 973 daAuts
     D:8: 963 daAuts
    D:12: 933 daAuts
